 Dungeon Crawl Stone Soup version 0.29.1-13-g9f3cf754e1 (webtiles) character file.

Game seed: 7336938051387267551

138 Chiseanne the Magician (level 5, 33/40 HPs)
             Began as a Demonspawn Wanderer on Jan 28, 2023.
             Quit the game on level 4 of the Dungeon.
             The game lasted 00:06:19 (3263 turns).

Chiseanne the Magician (Demonspawn Wanderer)        Turns: 3263, Time: 00:06:19

Health: 33/40      AC:  6    Str: 11    XL:     5   Next: 1%
Magic:  9/9        EV: 11    Int: 16    God:
Gold:   156        SH:  5    Dex: 13    Spells: 10/10 levels left

rFire   . . .      SeeInvis .   a - +0 long sword
rCold   . . .      Faith    .   (no shield)
rNeg    . . .      Spirit   .   c - +0 scale mail
rPois   .          Reflect  +   (no helmet)
rElec   .          Harm     .   (no cloak)
rCorr   .          Rampage  .   (no gloves)
Will    .....                   (no boots)
Stlth   ..........              l - amulet of reflection
HPRegen 0.13/turn               (no ring)
MPRegen 0.11/turn               (no ring)

@: no status effects
A: repulsion field 1, powered by death 1, demonic touch 1
a: no special abilities


You were on level 4 of the Dungeon.
You visited 1 branch of the dungeon, and saw 4 of its levels.

You collected 156 gold pieces.

Inventory:

Hand Weapons
 a - a +0 long sword (weapon)
 f - a +0 war axe
 h - a +1 dagger of venom
 s - a +2 dagger
Missiles
 j - 36 stones
 o - 7 poisoned darts
 p - 5 boomerangs
Armour
 c - a +0 scale mail (worn)
Jewellery
 l - an amulet of reflection (around neck)
Wands
 e - a wand of roots (6)
Scrolls
 b - a scroll of fear
 n - 2 scrolls of identify {unknown}
Potions
 d - a potion of mutation
 g - a potion of haste {unknown}
 i - 3 potions of curing {unknown}
 k - 2 potions of might {unknown}
 m - a potion of attraction {unknown}


   Skills:
 * Level 2.8 Fighting
 * Level 3.0 Armour
 * Level 2.2 Dodging
 - Level 1.7 Stealth
 - Level 3.0 Spellcasting
 - Level 2.0 Evocations


You had 10 spell levels left.
You didn't know any spells.
Your spell library contained the following spells:

 Spells                   Type           Power      Damage    Failure   Level
 Apportation              Tloc           4%         N/A       71%         1
 Freeze                   Ice            8%         1d3       71%         1
 Blink                    Tloc           4%         N/A       83%         2
 Frozen Ramparts          Ice            4%         1d1       97%         3
 Lesser Beckoning         Tloc           2%         N/A       97%         3
 Alistair's Intoxication  Tmut/Pois      1%         N/A       100%        5
 Manifold Assault         Tloc           2%         N/A       100%        5


Dungeon Overview and Level Annotations

Branches:
Dungeon (4/15)
 Temple: D:4-7

Altars:
Dithmenos
Hepliaklqana

Shops:
D:2 (


Innate Abilities, Weirdness & Mutations

You are surrounded by a mild repulsion field. (EV +2)
You regenerate a little health from kills.
Your touch may inflict minor irresistible damage on your foes.


Message History

You block the goblin's attack. The orc hits you with a +0 dagger.
You hit the orc.
You kill the orc!
The orc closely misses you. The goblin hits you but does no damage.
You closely miss the goblin. The orc hits you but does no damage.
You block the goblin's attack. The orc hits you but does no damage.
The goblin barely misses you.
You closely miss the orc. The orc hits you with a +0 short sword.
The goblin hits you with a +0 dagger.
You closely miss the goblin. The orc closely misses you.
The goblin closely misses you.
You barely miss the orc. You block the orc's attack.
The goblin closely misses you. The goblin hits you with a +0 dagger.
The orc barely misses you.
You closely miss the goblin. The orc completely misses you.
The goblin hits you but does no damage.
You barely miss the orc. You block the orc's attack.
The goblin hits you but does no damage. The goblin misses you.
You block the orc's attack.
You miss the goblin. The orc hits you but does no damage.
You block the goblin's attack.
You barely miss the orc. The orc closely misses you.
You block the goblin's attack.
You slash the goblin!
You kill the goblin!
The orc barely misses you. The orc hits you with a +0 short sword.
You slash the orc!
You kill the orc!
You have reached level 5!
Your demonic ancestry asserts itself...
Your hands begin to faintly glow with unholy energy.
p - 3 boomerangs
Things that are here:
a +0 short sword; a +0 ring mail; an orc corpse
Things that are here:
a +0 dagger; a +0 scale mail; an orc corpse
p - 5 boomerangs (gained 2)
Items here: )) [ †.
There is a stone staircase leading up here.
Are you sure you want to abandon this character and quit the game? (Confirm with "yes".)

### ...#
###########...#
..............#
#..@..# #...<.#
#..)))#
#......)#
##.........
##..........
....$........
....#.#.......
.......#.......


There were no monsters in sight!

Vanquished Creatures
  Jessica (D:2)
  5 adders
  A worm (D:3)
  A dart slug (D:2)
  6 orcs
  2 bats (D:1)
  5 endoplasms
  2 giant cockroaches
  4 goblins
  9 hobgoblins
  4 jackals
  2 quokkas (D:1)
  2 ball pythons (D:1)
  A frilled lizard (D:3)
  4 kobolds
  4 rats
53 creatures vanquished.

Vanquished Creatures (others)
  A kobold (D:3)
1 creature vanquished.

Grand Total: 54 creatures vanquished

Notes
Turn   | Place    | Note
-------+----------+-------------------------------------------
     0 | D:1      | Chiseanne the Demonspawn Wanderer began the quest for the
                  | Orb.
     0 | D:1      | Chiseanne set off with the following items: a +2 dagger, a
                  | scroll of fear, a +0 scale mail, a potion of mutation; and
                  | the following spell memorised: Freeze; and the following
                  | spells available to memorise: Frozen Ramparts.
     0 | D:1      | Reached XP level 1. HP: 15/15 MP: 4/4
   489 | D:1      | Gained mutation: You regenerate a little health from kills.
                  | [demonic ancestry]
   489 | D:1      | Reached XP level 2. HP: 13/21 MP: 6/6
   647 | D:1      | Found a faded altar of an unknown god.
   847 | D:1      | Reached skill level 1 in Dodging
  1181 | D:2      | Noticed Jessica
  1188 | D:2      | Killed Jessica
  1189 | D:2      | Reached XP level 3. HP: 15/27 MP: 7/7
  1531 | D:2      | Found Sureng's Weapon Emporium.
  1760 | D:2      | Gained mutation: You are surrounded by a mild repulsion
                  | field. (EV +2) [demonic ancestry]
  1760 | D:2      | Reached XP level 4. HP: 34/34 MP: 8/8
  2277 | D:3      | Found a hazy altar of Hepliaklqana.
  3150 | D:3      | Found a shadowy altar of Dithmenos.
  3256 | D:4      | Gained mutation: Your touch may inflict minor irresistible
                  | damage on your foes. [demonic ancestry]
  3256 | D:4      | Reached XP level 5. HP: 30/40 MP: 9/9
  3263 | D:4      | Quit the game

Illustrated notes

Levels and vault maps discovered:
D:1:      ncdulo_wetmaze, layout_rooms, dreamdust_ecumenical_altar_statues,
          kennysheep_nondescript, corexii_hall_statues_t
D:2:      layout_loops_cross, serial_shops, nicolae_shop_bloodbath_and_beyond,
          minmay_tromino_v4_b, uniq_jessica
D:3:      layout_rooms, mainiacjoe_overflow_concentric_impassable,
          grunt_dithmenos_smoke_and_mirrors
D:4:      layout_rooms

Skill      XL: |  1  2  3  4 |
---------------+-------------+-----
Armour         | 2 3 |  3.0
Dodging        | 1 2 |  2.2
Fighting       | 2 |  2.8
Stealth        | |  1.7
Spellcasting   | |  3.0
Evocations     | |  2.0

Action                   |  1- 3 |  4- 6 || total
-------------------------+-------+-------++-------
Melee: Dagger            |    56 |       ||    56
       Long sword        |    45 |   133 ||   178
       Punch             |       |     1 ||     1
Evoke: Wand              |       |     2 ||     2
  Use: Scroll            |     4 |     1 ||     5
       Potion            |     1 |       ||     1
Armor: Scale mail        |    54 |    61 ||   115
Dodge: Dodged            |    46 |    89 ||   135
Block: Other             |       |    26 ||    26
       Reflection        |       |     1 ||     1
